 Dungeon Crawl Stone Soup version 0.23.2-1-ga50397a (webtiles) character file.

Game seed: 16298184796712413387

128 Kairos the Insei (level 5, -4/33 HPs)
             Began as an Octopode Transmuter on Apr 25, 2019.
             Slain by a gnoll
             ... wielding a +0 spear
              (10 damage)
             ... on level 3 of the Dungeon.
             The game lasted 00:03:31 (3426 turns).

Kairos the Insei (Octopode Transmuter)              Turns: 3426, Time: 00:03:32

Health: -4/33      AC:  1    Str: 10    XL:     5   Next: 11%
Magic:  8/8        EV: 13    Int: 16    God:
Gold:   103        SH:  0    Dex: 12    Spells: 8/9 levels left

rFire    . . .     SeeInvis .     - Unarmed
rCold    . . .     Gourm    .   (no shield)
rNeg     . . .     Faith    .   (helmet restricted)
rPois    .         Spirit   .   b - amulet of magic regeneration
rElec    .         Reflect  .   (no ring)
rCorr    .         Harm     .   (no ring)
MR       .....                  (no ring)
Stlth    +++.......             (no ring)
HPRegen  0.11/turn              (no ring)
MPRegen  0.36/turn              (no ring)
                                (no ring)
                                (no ring)

@: no status effects
A: almost no armour, stealthy swim, amphibious, 8 rings, constrict 8, camouflage
1, gelatinous body 1
a: no special abilities


You were on level 3 of the Dungeon.
You were hungry.

You visited 1 branch of the dungeon, and saw 3 of its levels.

You collected 103 gold pieces.

Inventory:

Missiles
 a - 30 arrows
Jewellery
 b - an amulet of magic regeneration (around mantle)
Scrolls
 d - 5 scrolls of identify {unknown}
 f - a scroll of fear {unknown}
Potions
 c - a potion of might {unknown}
 e - a potion of heal wounds {unknown}
Comestibles
 h - a ration


   Skills:
 + Level 1.2 Fighting
 + Level 2.5 Dodging
 + Level 3.0 Stealth
 + Level 4.1 Unarmed Combat
 + Level 2.5 Spellcasting
 + Level 2.4 Transmutations


You had 8 spell levels left.
You knew the following spells:

 Your Spells              Type           Power        Failure   Level  Hunger
a - Beastly Appendage     Tmut           #.....       8%          1    #......

Your spell library contained the following spells:

 Spells                   Type           Power        Failure   Level  Hunger
 Sticks to Snakes         Tmut           #.......     11%         2    ##.....
 Spider Form              Tmut/Pois      #.........   34%         3    ###....
 Ice Form                 Ice/Tmut       #.......     75%         4    #####..
 Blade Hands              Tmut           #.........   90%         5    ######.


Dungeon Overview and Level Annotations

Branches:
Dungeon (3/15)

Altars:
Nemelex Xobeh


Innate Abilities, Weirdness & Mutations

You cannot wear most types of armour.
You are very stealthy in the water. (Stealth+)
You are amphibious.
You can wear up to eight rings at the same time.
You can use your tentacles to constrict eight enemies at once.
Your skin changes colour to match your surroundings (Stealth+).
Your rubbery body absorbs attacks. (AC +1, EV +1)


Message History

The gnoll is almost dead.
You constrict the gnoll.
You kill the gnoll!
You are feeling hungry.
Things that are here:
a +0 club; a hobgoblin skeleton You see here an adder skeleton.
Your tentacle spike disappears.
There is a stone staircase leading up here.
Found an escape hatch in the ceiling.
The gnoll closely misses you.
There is an escape hatch in the ceiling here.
The gnoll hits you from afar with a +0 halberd.
The gnoll closely misses you.
The gnoll hits you from afar with a +0 spear.
The gnoll hits you with a +0 halberd!
Ouch! That really hurt!
* * * LOW HITPOINT WARNING * * *
The gnoll hits you from afar with a +0 spear!
You die...

.....#### ##...#
##...##### .....#...
### .....#.# #.#
.......# #.#
.###.#.# #.#
g....#.#########.#
.##....g......gg@#
.............#####
.##....<...........#
.###########.#..####
.# ..#..... ## ###
.### .# #


You could see 2 gnolls.

Vanquished Creatures
  A gnoll (D:3)
  5 adders
  2 worms
  3 dart slugs (D:2)
  2 leopard geckos (D:2)
  7 orcs (D:3)
  A ball python (D:1)
  2 giant cockroaches
  5 goblins
  5 hobgoblins
  2 jackals (D:1)
  4 kobolds
  6 bats
  4 frilled lizards
  5 rats
54 creatures vanquished.

Notes
Turn   | Place    | Note
-------+----------+-------------------------------------------
     0 | D:1      | Kairos the Octopode Transmuter began the quest for the Orb.
     0 | D:1      | Reached XP level 1. HP: 13/13 MP: 3/3
   221 | D:1      | Reached XP level 2. HP: 8/18 MP: 3/5
  1431 | D:2      | Reached XP level 3. HP: 14/23 MP: 6/6
  1699 | D:2      | Reached skill level 1 in Stealth
  2443 | D:2      | Reached XP level 4. HP: 26/28 MP: 7/7
  2717 | D:2      | Found a sparkling altar of Nemelex Xobeh.
  3123 | D:3      | Reached skill level 4 in Unarmed Combat
  3319 | D:3      | Reached XP level 5. HP: 33/33 MP: 8/8
  3426 | D:3      | Slain by a gnoll

Skill      XL: |  1  2  3  4 |
---------------+-------------+-----
Stealth        | 1 3 |  3.0
Unarmed Combat | 4 |  4.1
Fighting       | |  1.2
Dodging        | |  2.5
Spellcasting   | |  2.5
Transmutations | |  2.4

Action                   |  1- 3 |  4- 6 || total
-------------------------+-------+-------++-------
Melee: Unarmed           |    73 |    58 ||   131
       Constrict         |    17 |    18 ||    35
       Tentacles         |    11 |     8 ||    19
       Kick              |     9 |     2 ||    11
       Punch             |     3 |     3 ||     6
 Cast: Beastly Appendage |    12 |     3 ||    15
 Stab: Sleeping          |     2 |     8 ||    10
       Distracted        |     1 |       ||     1
  Eat: Chunk             |     1 |     3 ||     4
       Ration            |     1 |       ||     1
Armor: Skin              |     2 |     1 ||     3
Dodge: Dodged            |    45 |    33 ||    78
